 Dungeon Crawl Stone Soup version 0.17.1-3-g152610e (webtiles) character file.

274 Jerry the Caller (level 6, -2/41 HPs)
             Began as a Mummy Wizard on Mar 3, 2016.
             Slain by Sigmund
             ... wielding a +0 scythe
              (13 damage)
             ... on level 4 of the Dungeon.
             The game lasted 00:36:24 (5569 turns).

Jerry the Caller (Mummy Wizard)                     Turns: 5569, Time: 00:36:24

Health: -2/41      AC:  7    Str: 10    XL:     6   Next: 3%
Magic:  6/10       EV: 12    Int: 19    God:
Gold:   177        SH:  0    Dex: 11    Spells: 2 memorised, 8 levels left

rFire  x . .     SeeInvis .     p - +5 quarterstaff (chaos)
rCold  + . .     Clarity  .     a - +0 robe
rNeg   + + +     SustAt   .     (shield currently unavailable)
rPois  ∞         Gourm    .     j - +2 helmet
rElec  .         Spirit   .     o - +0 cloak
rCorr  .         Warding  .     (no gloves)
rMut   .         Stasis   .     i - +0 pair of boots
MR     .....                    (no amulet)
Stlth  +.........               (no ring)
                                (no ring)

@: confused, not resistant to hostile enchantments, very unstealthy
A: no food or potions, fire vulnerability, cold resistance 1, negative energy
resistance 3, torment resistance, unbreathing
a: no special abilities


You were on level 4 of the Dungeon.
You were not hungry.

You visited 1 branch of the dungeon, and saw 4 of its levels.

You collected 177 gold pieces.

Inventory:

Hand Weapons
 h - a +1 dagger of speed
 p - a +5 quarterstaff of chaos (weapon)
Missiles
 f - 17 sling bullets of flame
Armour
 a - a +0 robe (worn)
 i - a +0 pair of boots (worn)
 j - a +2 helmet (worn)
 o - a +0 cloak (worn)
Wands
 d - a wand of slowing (40)
 n - a wand of polymorph (7)
Scrolls
 e - a scroll of identify
 g - a scroll of teleportation
 l - 3 scrolls of remove curse
Books
 c - a book of Minor Magic

   Spells                             Type                      Level
   a - Magic Dart                     Conjuration                  1
   b - Blink                          Translocation                2
   c - Call Imp                       Summoning                    2
   d - Repel Missiles                 Charms/Air                   2
   e - Slow                           Hexes                        2
   f - Conjure Flame                  Conjuration/Fire             3
   g - Mephitic Cloud                 Conjuration/Poison/Air       3


   Skills:
 + Level 2.7 Dodging
 - Level 1.5 Stealth
 - Level 3.0 Spellcasting
 - Level 1.7 Conjurations
 + Level 4.0 Summonings
   Level 0.7 Translocations


You had 8 spell levels left.
You knew the following spells:

 Your Spells              Type           Power        Failure   Level  Hunger
a - Magic Dart            Conj           #...         10%         1    N/A
b - Call Imp              Summ           ###.....     6%          2    N/A

Dungeon Overview and Level Annotations

Branches:
Dungeon (4/15)
 Temple: D:4-7

Altars:
Cheibriados
Makhleb
Qazlal
Xom

Shops:
D:4 %?

Annotations:
D:4 Sigmund


Innate Abilities, Weirdness & Mutations

You do not eat or drink.
Your flesh is vulnerable to fire.
You are immune to poison.
Your flesh is cold resistant.
You are immune to negative energy.
You are immune to unholy pain and torment.
You can survive without breathing.


Message History

Your shadow imp hits something.
Your shadow imp hits something.
Something barely misses you.
Your shadow imp hits something.
Your shadow imp hits something. x2
Your shadow imp hits something.
You hear some strange, mumbled words.
You are confused.
Your shadow imp barely misses something.
Are you sure you want to stumble around while confused and next to your crimson imp? [Y]es or [N]o only, please.
Are you sure you want to stumble around while confused and next to your crimson imp?
Okay, then.
Your shadow imp disappears in a puff of smoke!
Your shadow imp gestures at something.
Your shadow imp hits something but does no damage.
Something hits you.
* * * LOW HITPOINT WARNING * * *
Your shadow imp hits something.
Something hits you!
You die...

...##.##.#..#.#.#
#.... .. #.
####.#.#.#
###....#. #
#.....# ....#####.
##....##.##. . .#
###........#.#.. #
..........#.#...#
.....###..5....##
#.#.#####.........
.<..#...@5##......
#. #.##### ......
.....# ....# ....#
#


You could see a friendly crimson imp and a friendly shadow imp.

Vanquished Creatures
  Menkaure (D:4)
  Robin (D:4)
  4 adders
  An ooze (D:1)
  A worm (D:2)
  4 giant geckos
  5 orcs
  12 hobgoblins
  6 kobolds
  A quokka (D:3)
  2 ball pythons (D:1)
  5 bats
  3 giant cockroaches
  6 giant newts
  10 goblins
  10 jackals
  12 rats
84 creatures vanquished.

Vanquished Creatures (collateral kills)
  Crazy Yiuf (D:3)
  3 adders (D:3)
  2 orcs (D:3)
  3 giant cockroaches (D:3)
  4 goblins (D:4)
  A hobgoblin (D:3)
  2 quokkas (D:3)
  A ball python (D:3)
  A rat (D:3)
18 creatures vanquished.

Grand Total: 102 creatures vanquished

Notes
Turn   | Place    | Note
--------------------------------------------------------------
     0 | D:1      | Jerry the Mummy Wizard began the quest for the Orb.
     0 | D:1      | Reached XP level 1. HP: 13/13 MP: 4/4
    87 | D:1      | Reached skill level 1 in Conjurations
   570 | D:1      | Reached XP level 2. HP: 19/19 MP: 1/6
   674 | D:1      | Learned a level 2 spell: Call Imp
   885 | D:1      | Reached skill level 1 in Summonings
  1612 | D:1      | Reached XP level 3. HP: 21/24 MP: 0/7
  2144 | D:2      | Found a stormy altar of Qazlal.
  2257 | D:2      | Found a snail-covered altar of Cheibriados.
  2807 | D:2      | Reached XP level 4. HP: 23/30 MP: 0/8
  3578 | D:2      | Found a shimmering altar of Xom.
  3855 | D:3      | Found a burning altar of Makhleb.
  4448 | D:3      | Reached XP level 5. HP: 31/35 MP: 4/9
  4933 | D:3      | Noticed Crazy Yiuf
  5025 | D:3      | Killed Crazy Yiuf
  5358 | D:4      | Found Fouxima's Magic Scroll Emporium.
  5358 | D:4      | Found Dicehow's Food Emporium.
  5359 | D:4      | Noticed Menkaure
  5367 | D:4      | Killed Menkaure
  5367 | D:4      | Reached skill level 4 in Summonings
  5411 | D:4      | Noticed Robin
  5415 | D:4      | Killed Robin
  5415 | D:4      | Reached XP level 6. HP: 30/41 MP: 8/10
  5549 | D:4      | Noticed Sigmund
  5569 | D:4      | Slain by Sigmund

Action                   |  1- 3 |  4- 6 || total
-------------------------+-------+-------++-------
Melee: Unarmed           |    18 |       ||    18
       Dagger            |    75 |   134 ||   209
       Quarterstaff      |       |    18 ||    18
 Cast: Magic Dart        |    98 |    36 ||   134
       Call Imp          |     1 |    39 ||    40
  Use: Scroll            |       |     7 ||     7
 Stab: Distracted        |       |     1 ||     1
